 Dungeon Crawl Stone Soup version 0.24-a0-639-gb70a11d811 (webtiles) character file.

Game seed: 14024809161133711631, levelgen mode: deterministic

13 Masnef the Grasshopper (level 2, 0/22 HPs)
             Began as a Human Warper on Sept 21, 2019.
             Slain by a jackal (2 damage)
             ... on level 1 of the Dungeon.
             The game lasted 00:00:57 (500 turns).

Masnef the Grasshopper (Human Warper)                Turns: 500, Time: 00:00:57

Health: 0/22       AC:  3    Str: 11    XL:     2   Next: 50%
Magic:  5/5        EV: 12    Int: 13    God:
Gold:   11         SH:  0    Dex: 12    Spells: 1/5 levels left

rFire    . . .     SeeInvis .   a - +0 falchion
rCold    . . .     Gourm    .   (no shield)
rNeg     . . .     Faith    .   b - +0 leather armour
rPois    .         Spirit   .   (no helmet)
rElec    .         Reflect  .   (no cloak)
rCorr    .         Harm     .   (no gloves)
MR       .....                  (no boots)
Stlth    +.........             (no amulet)
HPRegen  0.07/turn              (no ring)
MPRegen  0.09/turn              (no ring)

@: no status effects
A: no striking features
a: no special abilities


You were on level 1 of the Dungeon.
You were not hungry.

You visited 1 branch of the dungeon, and saw 1 of its levels.

You collected 11 gold pieces.

Inventory:

Hand Weapons
 a - a +0 falchion (weapon)
Missiles
 e - 5 boomerangs of dispersal (quivered)
Armour
 b - a +0 leather armour (worn)
Scrolls
 c - a scroll of identify {unknown}
 d - a scroll of blinking
 i - a scroll of remove curse {unknown}
Potions
 g - a potion of heal wounds {unknown}
 h - a potion of curing {unknown}
Comestibles
 f - a ration
 j - 2 chunks of flesh


   Skills:
 - Level 2.0 Fighting
 + Level 2.8 Long Blades
 - Level 1.0 Throwing
 - Level 1.0 Armour
 * Level 2.0 Dodging
 - Level 2.0 Spellcasting
 * Level 3.0 Translocations


You had one spell level left.
You knew the following spells:

 Your Spells              Type           Power        Failure   Level  Hunger
a - Blink                 Tloc           N/A          14%         2    ###....
b - Shroud of Golubria    Chrm/Tloc      #.....       26%         2    ###....

Your spell library contained the following spells:

 Spells                   Type           Power        Failure   Level  Hunger
 Gell's Gravitas          Tloc           #.........   28%         3    ####...
 Lesser Beckoning         Tloc           #.........   28%         3    ####...
 Teleport Other           Tloc           #.......     28%         3    ####...
 Passage of Golubria      Tloc           N/A          67%         4    #####..


Dungeon Overview and Level Annotations

Branches:
Dungeon (1/15)

Altars:


Message History

The jackal misses you.
The jackal bites you but does no damage.
The jackal bites you.
You hit the jackal but do no damage. The jackal bites you. x2
The jackal closely misses you.
The jackal bites you but does no damage.
The jackal bites you.
* * * LOW HITPOINT WARNING * * *
The jackal bites you.
* * * LOW HITPOINT WARNING * * *
You closely miss the jackal. The jackal misses you.
The jackal barely misses you. The jackal closely misses you.
The jackal bites you.
* * * LOW HITPOINT WARNING * * *
You closely miss the jackal.
The jackal bites you but does no damage.
The jackal bites you.
* * * LOW HITPOINT WARNING * * *
The jackal bites you.
You die...

############## #............#
#............# #............+
##...........K# ###.
#..........ghh#####+##.......#
#.....#.....#@#..............#
#.....#.....#h#.....#.........
#........)..........#......#..
#...........#.......#......#.#
#...........#.......#......#.#
#...........#.......#......#.(
#...........#..#....# #.......
#...........#.......#+#....#..
##..........##.#.##......†..#.


You could see 3 jackals, a hobgoblin and a kobold.

Vanquished Creatures
  2 dart slugs (D:1)
  A goblin (D:1)
  A hobgoblin (D:1)
  A jackal (D:1)
  2 kobolds (D:1)
  A rat (D:1)
8 creatures vanquished.

Notes
Turn   | Place    | Note
-------+----------+-------------------------------------------
     0 | D:1      | Masnef the Human Warper began the quest for the Orb.
     0 | D:1      | Reached XP level 1. HP: 16/16 MP: 3/3
   277 | D:1      | Reached XP level 2. HP: 22/22 MP: 5/5
   288 | D:1      | Learned a level 2 spell: Blink
   291 | D:1      | Learned a level 2 spell: Shroud of Golubria
   500 | D:1      | Slain by a jackal

Levels and vault maps discovered:
D:1:      dpeg_arrival_water_temple_mockup, layout_basic

Action                   || total
-------------------------++-------
Melee: Falchion          ||    29
Armor: Leather armour    ||     9
Dodge: Dodged            ||    26
       Rpst.: Falchion   ||     5

Table legend:
 A = Non-vault XP
 B = Vault XP
 C = Vault XP percentage of total XP
 D = Non-vault monster count
 E = Vault monster count
 F = Vault count percentage of total count
                 A         B        C        D         E       F
            +---------+---------+-------+---------+---------+-------
      Total |      19 |       0 |   0.0 |       8 |       0 |   0.0
            +---------+---------+-------+---------+---------+-------
        D:1 |      19 |       0 |   0.0 |       8 |       0 |   0.0
            +---------+---------+-------+---------+---------+-------
